 Dungeon Crawl Stone Soup version 0.14-a0-1653-g0ad7a2c (webtiles) character file.

3923 ReteAZ the Geomancer (level 9, -5/81 HPs)
             Began as a Deep Dwarf Earth Elementalist on Dec 26, 2013.
             Was an Initiate of Makhleb.
             Slain by a goliath beetle (19 damage)
             ... on Level 8 of the Dungeon on Dec 27, 2013.
             The game lasted 01:39:22 (11358 turns).

ReteAZ the Geomancer (DDEE)                        Turns: 11358, Time: 01:39:23

HP  -5/81        AC 12     Str 12      XL: 9   Next: 86%
MP  10/18        EV 15     Int 20      God: Makhleb [......]
Gold 309         SH  0     Dex 15      Spells:  3 memorised, 12 levels left

rFire  . . .     SeeInvis .     M - +1,+2 whip (vamp)
rCold  . . .     Clarity  .     c - +0 robe
rNeg   . . .     Conserve .     (no shield)
rPois  .         rCorr    .     (helmet restricted)
rElec  .         rRot     .     (no cloak)
SustAb . .       Spirit   .     F - +2 pair of orc gloves
rMut   .         Warding  .     C - +1 pair of dwarf boots
Saprov . . .     Stasis   .     (no amulet)
                                (no ring)
                                m - +3 ring of intelligence

@: non-regenerating, stone skin, somewhat resistant to hostile enchantments,
fairly stealthy
A: damage resistance, recharge devices, horns 1, icy blue scales 1, fast
metabolism 1, sense surroundings 2, screaming 1, slow healing 3
a: Device Recharging, Renounce Religion


You were on level 8 of the Dungeon.
You worshipped Makhleb.
Makhleb was noncommittal.
You were not hungry.

You visited 2 branches of the dungeon, and saw 9 of its levels.
You also visited: Sewer.

You collected 309 gold pieces.

Inventory:

Hand weapons
 b - a cursed +3,+2 elven dagger
 B - a +2,+0 trident of flaming
 M - a +1,+2 vampiric whip (weapon)
Missiles
 n - 7 darts (quivered)
 y - 3 darts of flame
 D - 47 stones
Armour
 c - a +0 robe (worn)
 C - a +1 pair of dwarven boots (worn)
 F - a +2 pair of orcish gloves (worn)
Magical devices
 a - a wand of heal wounds (6)
 r - a wand of fireball (4)
 z - a wand of paralysis (12)
 G - a wand of heal wounds (0)
Comestibles
 f - 5 bread rations
 g - a beef jerky
 h - 4 chunks of centaur flesh
 j - a sausage
 s - 2 chokos
 t - 2 meat rations
 u - 2 pears
 A - an apple
Scrolls
 l - 7 scrolls of identify
 o - a scroll of immolation {unknown}
 p - 3 scrolls of random uselessness {unknown}
 v - 2 scrolls of remove curse
 w - 4 scrolls of magic mapping
 H - a scroll of teleportation
Jewellery
 m - a +3 ring of intelligence (left hand)
Potions
 i - 5 potions of curing
 k - a potion of brilliance
 q - 6 potions of might
Books
 d - a book of Geomancy

   Spells                             Type                      Level
   *Sandblast                         Earth                        1
   *Stoneskin                         Transmutation/Earth          2
   Passwall                           Transmutation/Earth          3
   *Stone Arrow                       Conjuration/Earth            3
   Petrify                            Transmutation/Earth          4
   Lee's Rapid Deconstruction         Earth                        5
 e - a book of the Sky

   Spells                             Type                      Level
   Flight                             Charms/Air                   3
   Airstrike                          Air                          4
   Silence                            Hexes/Air                    5
   Deflect Missiles                   Charms/Air                   6
   Conjure Ball Lightning             Conjuration/Air              6
   Tornado                            Air                          9


   Skills:
 - Level 5.1 Fighting
 + Level 4.8 Maces & Flails
 - Level 6.0 Dodging
 - Level 2.4 Stealth
 - Level 5.2 Spellcasting
 - Level 0.8 Transmutations
 - Level 12.0 Earth Magic


You had 12 spell levels left.
You knew the following spells:

 Your Spells              Type           Power        Failure   Level  Hunger
a - Sandblast             Erth           ######       1%          1    None
b - Stoneskin             Trmt/Erth      ####......   1%          2    None
c - Stone Arrow           Conj/Erth      ####..       3%          3    ##.....


Dungeon Overview and Level Annotations

Branches:
Dungeon (8/16)             Temple (1/1) D:7
   Lair: D:8-11

Altars:
Ashenzari
Cheibriados
Elyvilon
Fedhas
Kikubaaqudgha
Makhleb
Nemelex Xobeh
Okawaru
Sif Muna
Trog
Vehumet
Xom
Yredelemnul
Zin
the Shining One

Shops:
D:7 :

Annotations:
D:3 Mygna's ghost, average GrSk
D:6 Edmund


Innate Abilities, Weirdness & Mutations

You are resistant to damage.
You can recharge devices by infusing magical energy.
You passively map the area around you.
You do not heal naturally.
You have a pair of small horns on your head.
You are partially covered in icy blue scales (AC +1).
You have a fast metabolism.
You occasionally shout uncontrollably.


Message History

The goliath beetle is severely wounded.
You hit the goliath beetle but do no damage.
The goliath beetle is severely wounded.
The goliath beetle closely misses you.
You hit the goliath beetle.
You feel better.
The goliath beetle is severely wounded.
You hit the goliath beetle but do no damage.
The goliath beetle is severely wounded.
You hit the goliath beetle. You headbutt the goliath beetle.
The goliath beetle is severely wounded.
The goliath beetle bites you!
* * * LOW HITPOINT WARNING * * *
You hit the goliath beetle but do no damage.
You headbutt the goliath beetle.
The goliath beetle is almost dead.
You hit the goliath beetle but do no damage.
You headbutt the goliath beetle, but do no damage.
The goliath beetle is almost dead.
The goliath beetle bites you!
You die...

#.# #.# ########. #.#
#.# #........ #.# #.#
#......#. #.# #.#
#........ #.####.##
#......#. #.##....#
#.##.###.
#.##....#######.##.# #.
#.##............##.....
#.##..@.#######.##.....
#.####B## #.##..... #.#
#.# #.##..... #.# #.#
#.##..... #.# #.#
######.##..... #.# #.#
#............ #.# #.#
#.............
##.####.###............
#...........<.......#


You could see a goliath beetle.

Vanquished Creatures
  An orc knight (D:7)
  A yak (D:5)
  A black bear (D:8)
  A phantom (D:8)
  An orc warrior (D:7)
  3 ogres
  2 centaurs
  Sigmund (D:4)
  4 wargs (D:7)
  A big kobold (Sewer)
  6 giant frogs
  2 wights (D:8)
  2 jellies
  An orc priest (D:8)
  A goliath beetle (D:6)
  6 hounds
  A crimson imp (D:8)
  2 orc wizards
  A black bear skeleton (D:5)
  6 scorpions
  5 worker ants
  A killer bee zombie (D:7)
  An ogre zombie (D:6)
  A mummy (D:7)
  11 adders
  3 gnolls (D:7)
  2 green rats (Sewer)
  A worm zombie (D:8)
  5 giant mites (D:4)
  An inept item mimic (D:6)
  3 worms
  A goliath beetle zombie (D:8)
  2 adder skeletons
  An ooze (D:4)
  35 orcs
  13 bats
  12 giant cockroaches
  19 grey rats (Sewer)
  14 hobgoblins
  19 jackals
  7 quokkas
  8 ball pythons
  10 giant geckos
  4 giant newts
  A giant spore (D:6)
  17 goblins
  30 kobolds
  A kobold skeleton (D:7)
  An orc zombie (D:8)
  18 rats
  A rat skeleton (D:3)
  A rat zombie (D:6)
  10 ballistomycetes (D:6)
303 creatures vanquished.

Vanquished Creatures (others)
  2 giant spores (D:6)
2 creatures vanquished.

Grand Total: 305 creatures vanquished

Notes
Turn   | Place    | Note
--------------------------------------------------------------
     0 | D:1      | ReteAZ, the Deep Dwarf Earth Elementalist, began the quest for the Orb.
     0 | D:1      | Reached XP level 1. HP: 15/15 MP: 2/2
   211 | D:1      | Reached XP level 2. HP: 20/22 MP: 0/3
   519 | D:1      | Reached skill level 5 in Earth Magic
  1070 | D:2      | Reached XP level 3. HP: 17/28 MP: 4/6
  1134 | D:2      | Learned a level 2 spell: Stoneskin
  1138 | D:2      | Learned a level 3 spell: Stone Arrow
  1308 | D:2      | Found a glowing silver altar of Zin.
  1441 | D:2      | Found an iron altar of Okawaru.
  1567 | D:2      | Reached XP level 4. HP: 28/36 MP: 6/8
  1706 | D:2      | Reached skill level 6 in Earth Magic
  1992 | D:3      | Noticed Mygna's ghost (average GrSk)
  2125 | D:3      | Found a white marble altar of Elyvilon.
  2565 | D:3      | Gained mutation: Your muscles are strong. (Str +2) [potion of beneficial mutation]
  2849 | D:4      | Reached XP level 5. HP: 33/42 MP: 5/10
  3007 | D:4      | Reached skill level 7 in Earth Magic
  3231 | D:4      | Found a glowing drain.
  3259 | Sewer    | Entered a sewer
  3389 | Sewer    | HP: 2/42 [green rat (3)]
  3577 | Sewer    | Reached XP level 6. HP: 26/49 MP: 8/13
  3758 | Sewer    | Reached skill level 8 in Earth Magic
  4567 | D:4      | Found an iron altar of Okawaru.
  4567 | D:4      | Found an ancient bone altar of Kikubaaqudgha.
  5032 | D:4      | Reached skill level 9 in Earth Magic
  5032 | D:4      | Reached XP level 7. HP: 17/55 MP: 0/15
  5190 | D:4      | Noticed a giant frog
  5308 | D:4      | Noticed an ogre
  5310 | D:4      | Noticed an ogre
  5314 | D:4      | Killed an ogre
  5317 | D:4      | Killed an ogre
  5350 | D:4      | Reached skill level 10 in Earth Magic
  5590 | D:5      | Entered Level 5 of the Dungeon
  6261 | D:5      | Noticed Satan Claus
  6274 | D:4      | Killed Satan Claus
  6809 | D:6      | HP: 2/55 [centaur/arrow (6)]
  6949 | D:6      | Found a basalt altar of Yredelemnul.
  6950 | D:6      | Noticed a profane servitor
  7151 | D:6      | Found a glowing golden altar of the Shining One.
  7152 | D:6      | Noticed an angel
  7172 | D:6      | Reached XP level 8. HP: 45/62 MP: 15/18
  7201 | D:6      | Reached skill level 11 in Earth Magic
  7609 | D:6      | Noticed Edmund
  7887 | D:6      | Reached skill level 5 in Spellcasting
  8221 | D:6      | Reached skill level 12 in Earth Magic
  8641 | D:7      | Found Shroit's Book Boutique.
  8844 | D:7      | Found a staircase to the Ecumenical Temple.
  8856 | Temple   | Entered the Ecumenical Temple
  8977 | D:7      | Gained mutation: You passively map the area around you. [level up]
  8977 | D:7      | Reached XP level 9. HP: 57/76 MP: 17/20
  9793 | D:7      | Reached skill level 5 in Dodging
 10041 | D:7      | Noticed an orc knight
 10112 | D:7      | Killed an orc knight
 10112 | D:7      | Reached skill level 5 in Fighting
 10252 | D:7      | Noticed an orc knight
 10254 | D:7      | Noticed an orc warlord
 10409 | D:8      | Found a bloodstained altar of Trog.
 10426 | D:7      | Upgraded the game from 0.14-a0-1637-gd423c14 to 0.14-a0-1653-g0ad7a2c
 10508 | D:8      | Reached skill level 1 in Maces & Flails
 10553 | D:8      | Found a burning altar of Makhleb.
 10559 | D:8      | Became a worshipper of Makhleb the Destroyer
 11088 | D:8      | Gained mutation: You occasionally shout uncontrollably. [potion of mutation]
 11088 | D:8      | Gained mutation: You have a pair of small horns on your head. [potion of mutation]
 11088 | D:8      | Gained mutation: You have a fast metabolism. [potion of mutation]
 11089 | D:8      | Lost mutation: Your muscles are strong. (Str +2) [potion of mutation]
 11089 | D:8      | Gained mutation: You are partially covered in icy blue scales (AC +1). [potion of mutation]
 11358 | D:8      | Slain by a goliath beetle

Action                   |  1- 3 |  4- 6 |  7- 9 || total
-------------------------+-------+-------+-------++-------
Melee: Unarmed           |     1 |       |       ||     1
       Dagger            |    29 |    10 |   252 ||   291
       Whip              |     7 |       |   168 ||   175
       Short sword       |     1 |    83 |       ||    84
       Trident           |       |       |    42 ||    42
Throw: Dart              |     1 |    53 |   133 ||   187
       Stone             |       |     1 |       ||     1
 Cast: Sandblast         |    67 |   193 |   230 ||   490
       Stone Arrow       |       |     4 |    64 ||    68
       Stoneskin         |       |    10 |    18 ||    28
 Abil: Device Recharging |       |       |     3 ||     3
Evoke: Wand              |     1 |     1 |    14 ||    16
  Use: Potion            |       |     4 |    17 ||    21
       Scroll            |       |       |    17 ||    17
 Stab: Sleeping          |       |     2 |       ||     2
